 Dungeon Crawl Stone Soup version 0.27.0-1-g7a089689b8 (console) character file.

Game seed: 18028261586078897224

9 FIQ the Insei (level 2, 7/21 HPs)
             Began as a Demonspawn Transmuter on Aug 15, 2021.
             Quit the game on level 1 of the Dungeon.
             The game lasted 00:00:51 (298 turns).

FIQ the Insei (Demonspawn Transmuter)                Turns: 298, Time: 00:00:52

Health: 7/21       AC:  2    Str: 10    XL:     2   Next: 6%
Magic:  2/5        EV: 12    Int: 14    God:
Gold:   19         SH:  0    Dex: 13    Spells: 4/5 levels left

rFire    . . .     SeeInvis .     - Unarmed
rCold    . . .     Faith    .   (no shield)
rNeg     . . .     Spirit   .   a - +0 robe
rPois    .         Reflect  .   (helmet currently unavailable)
rElec    .         Harm     .   (no cloak)
rCorr    .         Rampage  .   (no gloves)
Will     .....                  (boots currently unavailable)
Stlth    +.........             (no amulet)
HPRegen  0.07/turn              (no ring)
MPRegen  0.09/turn              (no ring)

@: appendages
A: ([horns 0]), talons 2, antennae 1
a: End Transformation


You were on level 1 of the Dungeon.
You had temporarily grown beastly horns and talons.
You visited 1 branch of the dungeon, and saw 1 of its levels.

You collected 19 gold pieces.

Inventory:

Armour
 a - a +0 robe (worn)


   Skills:
 + Level 1.2 Fighting
 + Level 1.9 Dodging
 + Level 2.8 Unarmed Combat
 + Level 2.1 Spellcasting
 + Level 1.9 Transmutations


You had 4 spell levels left.
You knew the following spells:

 Your Spells              Type           Power      Damage    Failure   Level
a - Beastly Appendage     Tmut           14%        N/A       11%         1

Your spell library contained the following spells:

 Spells                   Type           Power      Damage    Failure   Level
 Wereblood                Tmut           7%         N/A       16%         2
 Spider Form              Tmut/Pois      2%         N/A       43%         3
 Ice Form                 Ice/Tmut       4%         N/A       83%         4


Dungeon Overview and Level Annotations

Branches:
Dungeon (1/15)

Altars:


Innate Abilities, Weirdness & Mutations

You have temporarily grown beastly horns and talons.
You have a pair of small antennae on your head.


Message History

There are monsters nearby!
There are monsters nearby!
A frilled lizard comes into view.
A bat comes into view.
You miscast Beastly Appendage.
You are very lightly contaminated with residual magic.
Nothing appears to happen.
The ball python bites you. The ball python grabs you.
The ball python constricts you.
You closely miss the ball python. The bat closely misses you.
The ball python bites you. The ball python constricts you.
You hit the ball python.
You kill the ball python!
The bat barely misses you. The bat closely misses you.
The goblin hits you with a +0 dagger.
You miss the goblin. The bat completely misses you.
The ball python barely misses you. The ball python grabs you.
The ball python constricts you. The goblin hits you with a +0 dagger.
You escape the ball python's grasp.
The bat barely misses you. The bat closely misses you.
Your magical contamination has completely faded away.
You are too injured to fight recklessly!
You are too injured to fight recklessly!
Casting: Beastly Appendage (safe; 11% risk of failure)
Confirm with . or Enter, or press ? or * to list all spells.
You grow a pair of large bovine horns.
Your feet morph into talons.
The bat misses you.
You hit the bat.
You kill the bat!
You have reached level 2!
Your demonic ancestry asserts itself...
The horns on your head shrink a bit. The horns on your head shrink away.
A pair of antennae grows on your head!
You are too injured to fight recklessly!
You are too injured to fight recklessly!
You are too injured to fight recklessly!
You hit the goblin but do no damage. The goblin hits you with a +0 dagger.
You hit the goblin.
You kill the goblin!
You barely miss the ball python. The ball python barely misses you.
The ball python completely misses you.
Are you sure you want to abandon this character and quit the game? (Confirm with "yes".)

#..........##### #. #.
#.........†'...#
#.##.#####
#..........###.#
..#.....####..........#
#.#
.....8#8......####....##
#.# #.#.#$#.####.#
#.#######.# #...8#8.#
#.# #.# #...#
#......####.# #.# #.###
#..##..lS@..#
#.#####.##. ## #.#######
#.....#.##. #..†......
#####.#.##. #.l.......
#.#.... #.........
#.#.... +.........
#.#.... #.........
#.#..## #.........
#.....# ..........
########....


You could see a ball python and a frilled lizard.

Vanquished Creatures
  A bat (D:1)
  A goblin (D:1)
  A hobgoblin (D:1)
  3 jackals (D:1)
  A ball python (D:1)
  A frilled lizard (D:1)
8 creatures vanquished.

Notes
Turn   | Place    | Note
-------+----------+-------------------------------------------
     0 | D:1      | FIQ the Demonspawn Transmuter began the quest for the Orb.
     0 | D:1      | Reached XP level 1. HP: 15/15 MP: 3/3
   295 | D:1      | Lost mutation: You have a pair of horns on your head.
                  | [demonic ancestry]
   295 | D:1      | Lost mutation: You have a pair of small horns on your head.
                  | [demonic ancestry]
   295 | D:1      | Gained mutation: You have a pair of small antennae on your
                  | head. [demonic ancestry]
   295 | D:1      | Reached XP level 2. HP: 9/21 MP: 1/5
   298 | D:1      | Quit the game

Illustrated notes

Levels and vault maps discovered:
D:1:      amcnicky_arrival_single_pillar, layout_basic,
          hellmonk_ecumenical_altar_blasted, minmay_statues_item,
          grunt_decor_cap, minmay_hexomino_c4

Action                   || total
-------------------------++-------
Melee: Unarmed           ||    20
       Kick              ||     3
       Headbutt          ||     1
       Punch             ||     1
 Cast: Beastly Appendage ||     4
Armor: Robe              ||     4
Dodge: Dodged            ||    16
